AoeStats
← 鹿鳴

Nomad

509841704Analyzed
4v4 RM · 5d ago on Sep 28, 2026· 39m 20s· 8 players
Game mode
Random Map
Map size
231×231
Population
200
Speed
Normal
Resources
Standard
Victory
Conquest
Starting age
Dark Age
Ending age
Imperial Age
RankedLock teamsTeams togetherTeam positionsShared explorationLock speedFull tech treeHidden civsTurbo modeCheats
Victory
Defeat
🇦🇺 Byzantines · Australia
1187
+15
🇳🇿 Varangians · New Zealand
1168
+16
🇺🇸 Burgundians · United States
1143
+17
1125
+17
🇹🇼 Persians · Taiwan
1195
-18
🇳🇴 Cumans · Norway
1182
-17
🇮🇳 Vietnamese · India
1166
-16
🇲🇴 Italians · Macao SAR China
1106
-14
FinRahZel
5:12 Loom
14:10 Feudal Age
18:26 Castle Age
16:47 Double-Bit Axe
19:18 Medium Warships
19:50 Bow Saw
23:10 Stone Mining
23:39 Fletching
26:15 Fishing Lines
27:23 Gillnets
33:02 Imperial Age
33:02 Gold Mining
34:27 Scale Barding Armor
34:35 Forging
35:31 Chain Barding Armor
36:33 Two-Man Saw
37:12 Bodkin Arrow
39:10 Bloodlines
Imyourextasy
5:10 Loom
13:54 Double-Bit Axe
19:03 Feudal Age
20:17 Bow Saw
24:41 Castle Age
23:28 Scale Barding Armor
24:35 Gold Mining
26:47 Gold Shaft Mining
26:35 Chain Barding Armor
25:40 Cavalier
30:55 Forging
32:01 Wheelbarrow
31:13 Horse Collar
35:40 Pikeman
36:51 Scale Mail Armor
37:27 Iron Casting
38:02 Chain Mail Armor
the black fella
10:49 Loom
16:20 Feudal Age
16:59 Double-Bit Axe
16:56 Fishing Lines
18:41 Fletching
21:53 Castle Age
20:52 Stone Mining
21:18 Gold Mining
23:05 Wheelbarrow
22:08 Demolition Ship
22:40 Gillnets
23:14 Bow Saw
24:32 Stone Shaft Mining
25:56 Gold Shaft Mining
31:28 Imperial Age
29:20 Hand Cart
30:01 Sanctity
30:43 Scale Barding Armor
30:48 Forging
31:55 Husbandry
32:33 Chain Barding Armor
32:41 Conscription
35:05 Plate Barding Armor
35:05 Iron Casting
34:50 Heavy Camel Rider
Crusade against Bolshevism
5:16 Loom
14:40 Feudal Age
17:43 Wheelbarrow
21:06 Castle Age
19:04 Fletching
19:04 Double-Bit Axe
20:23 Stone Mining
20:47 Gold Mining
21:22 Scale Barding Armor
22:17 Bodkin Arrow
30:27 Imperial Age
31:44 Squires
32:53 Forging
32:20 Capped Ram
34:30 Gambesons
35:57 Heavy Scorpion
38:00 Conscription
38:15 Bow Saw
Globox
7:20 Loom
13:45 Feudal Age
14:22 Double-Bit Axe
14:17 Horse Collar
16:20 Horse Collar
22:47 Wheelbarrow
24:51 Castle Age
24:49 Scale Barding Armor
24:54 Forging
24:56 Bloodlines
24:52 Gold Mining
26:18 Heavy Plow
26:31 Bow Saw
30:28 Imperial Age
28:15 Hand Cart
27:45 Town Watch
30:40 Cavalier
32:02 Iron Casting
31:47 Chain Barding Armor
33:45 Paladin
恨海情天
4:45 Loom
14:14 Feudal Age
14:41 Double-Bit Axe
14:45 Town Watch
16:10 Fletching
16:31 Gold Mining
20:32 Castle Age
20:48 Padded Archer Armor
20:41 Stone Mining
23:17 Ballistics
22:54 Bodkin Arrow
24:42 Medium Warships
30:27 Horse Collar
34:48 Wheelbarrow
40:03 Imperial Age
38:05 Hand Cart
Barbaren
3:03 Loom
13:33 Feudal Age
13:48 Man-at-Arms
14:46 Fishing Lines
17:39 Stone Mining
21:22 Castle Age
21:49 Arson
22:40 Fletching
22:32 Long Swordsman
23:31 Bodkin Arrow
25:08 Gold Mining
26:39 Double-Bit Axe
27:41 Horse Collar
28:18 Bow Saw
32:43 Padded Archer Armor
35:11 Wheelbarrow
36:51 Leather Archer Armor
39:38 Heavy Plow
鹿鳴
4:25 Loom
13:51 Feudal Age
18:16 Double-Bit Axe
20:41 Castle Age
20:38 Wheelbarrow
21:30 Bloodlines
27:16 Bloodlines
27:27 Horse Collar
28:33 Bow Saw
30:48 Gold Mining
30:48 Stone Mining
35:50 Imperial Age
33:04 Pikeman
40:55 Imperial Age
Connection lost

Rejoining the realm…

Still unreachable

The connection could not be restored.

Session expired

The server has moved on; the page needs a fresh start.